 Dungeon Crawl Stone Soup version 0.28.0-53-g5a82cb258f (webtiles) character file.

Game seed: 6081535290599889087

16 raph the Skirmisher (level 2, -6/26 HPs)
             Began as a Draconian Cinder Acolyte on June 27, 2022.
             Was a High Priest of Ignis.
             Mangled by a kobold
             ... wielding a +0 dagger of electrocution
              (11 damage)
             ... on level 1 of the Dungeon.
             The game lasted 00:00:40 (429 turns).

raph the Skirmisher (Draconian Cinder Acolyte)       Turns: 429, Time: 00:00:40

Health: -6/26      AC: 11    Str: 16    XL:     2   Next: 37%
Magic:  3/3        EV: 11    Int: 14    God:    Ignis [*****.]
Gold:   35         SH:  0    Dex:  6    Spells: 3/3 levels left

rFire   + . .      SeeInvis .   a - -1 falchion (flame)
rCold   . . .      Faith    .   (no shield)
rNeg    . . .      Spirit   .   (armour unavailable)
rPois   .          Reflect  .   (helmet restricted)
rElec   .          Harm     .   (no cloak)
rCorr   .          Rampage  .   (no gloves)
Will    .....                   (no boots)
Stlth   +.........              (no amulet)
HPRegen 0.08/turn               (no ring)
MPRegen 0.08/turn               (no ring)

@: fiery-armoured
A: AC +4, unfitting armour, cold-blooded
a: Renounce Religion, Fiery Armour, Foxfire Swarm, Rising Flame


You were on level 1 of the Dungeon.
You worshipped Ignis.
Ignis was extremely pleased with you.
You visited 1 branch of the dungeon, and saw 1 of its levels.

You collected 35 gold pieces.

Inventory:

Hand Weapons
 a - a -1 falchion of flaming (weapon)
 b - a +0 short sword
Potions
 c - a potion of curing {unknown}


   Skills:
 + Level 3.5 Fighting
 * Level 3.4 Long Blades
 - Level 1.0 Spellcasting
 + Level 3.2 Fire Magic


You had 3 spell levels left.
You didn't know any spells.
Your spell library contained the following spells:

 Spells                   Type           Power      Damage    Failure   Level
 Scorch                   Fire           18%        2d6       11%         2


Dungeon Overview and Level Annotations

Branches:
Dungeon (1/15)

Altars:


Innate Abilities, Weirdness & Mutations

Your plain brown scales are hard. (AC +4)
You cannot fit into any form of body armour.
You are cold-blooded and may be slowed by cold attacks.


Message History

No target in view!
There is a stone staircase leading down here.
You see here a +0 short sword.
b - a +0 short sword
There is a stone staircase leading down here.
Found 31 stones.
c - a fizzy puce potion A goblin comes into view.
It is wielding a +4 dagger.
Found an orange potion.
The goblin shouts!
A kobold comes into view.
It is wielding a +0 dagger of electrocution.
A rat and a frilled lizard come into view.
The kobold shouts!
You hear an angry hiss.
A ball python comes into view.
You slash the goblin! You burn the goblin.
You kill the goblin!
You slash the rat! You burn the rat.
You kill the rat!
You closely miss the kobold.
The kobold hits you with a +0 dagger of electrocution.
You are electrocuted!
Ouch! That really hurt!
* * * LOW HITPOINT WARNING * * *
You are too injured to fight recklessly!
You are too injured to fight recklessly!
You are too injured to fight recklessly!
You are too injured to fight recklessly!
You are too injured to fight recklessly!
You are too injured to fight recklessly!
You are too injured to fight recklessly!
The frilled lizard bites you.
* * * LOW HITPOINT WARNING * * *
A protective cloak of flame settles atop you.
The kobold hits you but does no damage.
The kobold is burned by your cloak of flames.
The kobold is moderately wounded.
You barely miss the kobold.
Your tail-slap misses the kobold.
The kobold is moderately wounded.
The kobold hits you but does no damage.
You are electrocuted!
You die...

..# #.# #.# #.# ########
######### #.######......#
#........ #.##..........#
#........
#.#...........#######........
................@KSl.........
#.##...#.#...#####.##........
#.##.....>...# #.##.)......
#.##...#.#...# #.##........
#.##.........# #.##........
#............# #.##........
.............# #.##........
.....###....## ....########
##...####...# .(..


You could see a ball python, a kobold and a frilled lizard.

Vanquished Creatures
  2 ball pythons (D:1)
  3 endoplasms (D:1)
  4 goblins (D:1)
  A hobgoblin (D:1)
  2 frilled lizards (D:1)
  2 rats (D:1)
14 creatures vanquished.

Notes
Turn   | Place    | Note
-------+----------+-------------------------------------------
     0 | D:1      | raph the Draconian Cinder Acolyte began the quest for the
                  | Orb.
     0 | D:1      | Reached XP level 1. HP: 19/19 MP: 2/2
   233 | D:1      | Reached XP level 2. HP: 26/26 MP: 3/3
   429 | D:1      | Mangled by a kobold

Illustrated notes

Levels and vault maps discovered:
D:1:      doesnt_arrival_eight_statues, layout_basic, hangedman_decor_slide_cut,
          amcnicky_mini_rare_corridor_liquid, st_stairs_2

Action                   || total
-------------------------++-------
Melee: Falchion          ||    23
       Tailslap          ||     3
       Punch             ||     1
Invok: Fiery Armour      ||     1
Armor: Skin              ||     6
Dodge: Dodged            ||    10
